 Dungeon Crawl Stone Soup version 0.23-a0-819-g6debee6 (webtiles) character file.

23 wilfster70 the Cutter (level 3, -2/24 HPs)
             Began as a Halfling Warper on Jan 22, 2019.
             Killed from afar by a dart slug (4 damage)
             ... with a slug dart
             ... on level 1 of the Dungeon.
             The game lasted 00:02:31 (611 turns).

wilfster70 the Cutter (Halfling Warper)              Turns: 611, Time: 00:02:32

Health: -2/24      AC:  4    Str: 12    XL:     3   Next: 10%
Magic:  5/5        EV: 14    Int: 12    God:
Gold:   18         SH:  0    Dex: 13    Spells: 1/5 levels left

rFire    . . .     SeeInvis .   a - +0 short sword
rCold    . . .     Gourm    .   (shield restricted)
rNeg     . . .     Faith    .   b - +0 leather armour
rPois    .         Spirit   .   (no helmet)
rElec    .         Reflect  .   (no cloak)
rCorr    .         Harm     .   c - +0 pair of gloves
MR       .....                  (no boots)
Stlth    +.........             (no amulet)
HPRegen  0.08/turn              (no ring)
MPRegen  0.09/turn              (no ring)

@: no status effects
A: small, mutation resistance 1
a: no special abilities


You were on level 1 of the Dungeon.
You were not hungry.

You visited 1 branch of the dungeon, and saw 1 of its levels.

You collected 18 gold pieces.

Inventory:

Hand Weapons
 a - a +0 short sword (weapon)
Missiles
 e - 5 tomahawks of dispersal (quivered)
Armour
 b - a +0 leather armour (worn)
 c - a +0 pair of gloves (worn)
Jewellery
 j - an uncursed ring of protection from cold
Scrolls
 d - a scroll of blinking
 h - a scroll of identify {unknown}
 i - a scroll of remove curse {unknown}
Comestibles
 f - 3 rations
 g - 2 chunks of flesh


   Skills:
 + Level 2.0 Fighting
 * Level 3.4 Short Blades
 - Level 1.0 Throwing
 - Level 1.1 Armour
 - Level 2.1 Dodging
 + Level 1.9 Spellcasting
 - Level 3.2 Translocations


You had one spell level left.
You knew the following spells:

 Your Spells              Type           Power        Failure   Level  Hunger
b - Shroud of Golubria    Chrm/Tloc      #.........   26%         2    ###....
g - Blink                 Tloc           N/A          14%         2    ###....

Your spell library contained the following spells:

 Spells                   Type           Power        Failure   Level  Hunger
 Gell's Gravitas          Tloc           #.........   26%         3    ####...
 Lesser Beckoning         Tloc           #.........   26%         3    ####...
 Teleport Other           Tloc           #.......     26%         3    ####...
 Passage of Golubria      Tloc           N/A          65%         4    #####..


Dungeon Overview and Level Annotations

Branches:
Dungeon (1/15)

Altars:


Innate Abilities, Weirdness & Mutations

You are small and have problems with some larger weapons.
You are somewhat resistant to further mutation.


Message History

The dart slug launches a dart at you. The slug dart misses you.
The kobold closely misses you.
You barely miss the kobold.
The kobold is moderately wounded.
The kobold closely misses you. The kobold hits you.
* * * LOW HITPOINT WARNING * * *
Found 2 murky pink potions.
You hit the dart slug but do no damage. The kobold hits you.
* * * LOW HITPOINT WARNING * * *
You hit the dart slug.
The dart slug is moderately wounded.
The kobold hits you but does no damage. The dart slug barely misses you.
You hit the dart slug.
The dart slug is almost dead.
The kobold hits you.
* * * LOW HITPOINT WARNING * * *
The dart slug launches a dart at you. The slug dart hits you.
You die...

##.#.# # ...# #.. # #..#
#.. ! # #..# #.# w..
####.##..... #.# ....
......#...... #.###....
#####.#......###........
.............##K........
####.#.......##.@w......
# #.#.......##(.[.....#
# ##.#..#.......$......#
###.....##.............#
.......................#
.#......##.....(.......#
.#...........(.#########
.#.###..##.....###
.#..)..>.'.........


You could see a dart slug and a kobold.

Vanquished Creatures
  A dart slug (D:1)
  3 bats (D:1)
  3 giant cockroaches (D:1)
  2 goblins (D:1)
  A hobgoblin (D:1)
  2 jackals (D:1)
  A frilled lizard (D:1)
  2 kobolds (D:1)
  3 rats (D:1)
18 creatures vanquished.

Notes
Turn   | Place    | Note
-------+----------+-------------------------------------------
     0 | D:1      | wilfster70 the Halfling Warper began the quest for the Orb.
     0 | D:1      | Reached XP level 1. HP: 14/14 MP: 3/3
   215 | D:1      | Reached XP level 2. HP: 18/19 MP: 4/4
   219 | D:1      | Learned a level 2 spell: Blink
   222 | D:1      | Learned a level 2 spell: Shroud of Golubria
   399 | D:1      | Reached XP level 3. HP: 24/24 MP: 5/5
   611 | D:1      | Killed from afar by a dart slug

Vault maps used:
D:1:      dpeg_arrival_renting, serial_forest, infiniplex_forest_clump_double,
          infiniplex_forest_lined_3, infiniplex_forest_corner_1,
          infiniplex_forest_lined_2, infiniplex_forest_corner_1,
          infiniplex_forest_lined_2

Skill      XL: |  1  2 |
---------------+-------+-----
Fighting       | 2 |  2.0
Short Blades   | 3 |  3.4
Throwing       | |  1.0
Armour         | |  1.1
Dodging        | |  2.1
Spellcasting   | |  1.9
Translocations | |  3.2

Action                   || total
-------------------------++-------
Melee: Short sword       ||    99
Armor: Leather armour    ||    50
Dodge: Dodged            ||    87

Table legend:
 A = Non-vault XP
 B = Vault XP
 C = Vault XP percentage of total XP
 D = Non-vault monster count
 E = Vault monster count
 F = Vault count percentage of total count
                 A         B        C        D         E       F
            +---------+---------+-------+---------+---------+-------
      Total |      33 |       0 |   0.0 |      18 |       0 |   0.0
            +---------+---------+-------+---------+---------+-------
        D:1 |      33 |       0 |   0.0 |      18 |       0 |   0.0
            +---------+---------+-------+---------+---------+-------
